Map: Korhal Carnage Knockout LE

Players

Statix

  • Race: Zerg Zerg
  • League: Silver

Blechfaust - Winner!

  • Race: Terran Terran
  • League: Gold

VOD

Have the link to the VOD?

Description

Time

  • Played on: April 9, 2016, 2:48 p.m.
  • Length: 8:10
Show
View Real Time Build Order
Export as new Build Order

Statix Zerg 

Build Orders: Hatch First 

Get SALT Encoding   

  12  0:02  Drone  
  13  0:12  Overlord  
  13  0:18  Drone  
  14  0:31  Drone  
  14  0:33  Drone  
  14  0:35  Drone  
  17  0:45  Drone  
  18  0:56  Hatchery  
  17  1:01  Extractor  
  17  1:02  Drone  
  17  1:18  Drone  
  17  1:19  Drone  
  17  1:21  Spawning Pool  
  18  1:32  Overlord  
  18  1:48  Drone  
  18  1:52  Drone  
  20  2:09  Metabolic Boost  
  20  2:11  Queen  
  22  2:18  Queen  
  22  2:19  Zergling x8  
  28  2:28  Drone  
  29  2:30  Drone  
  29  2:33  Drone  
  31  2:42  Overlord  
  31  3:04  Evolution Chamber  
  30  3:07  Queen  
  30  3:08  Drone  
  30  3:09  Drone x4  
  37  3:28  Zergling x2  
  37  3:29  Zergling x2  
  37  3:32  Hatchery  
  38  3:49  Extractor, Drone x5  
  38  3:50  Extractor, Drone x2  
  43  4:00  Roach Warren  
  38  4:32  Drone x3  
  38  4:33  Drone x3  
  44  4:42  Overlord x4  
  44  4:48  Spore Crawler  
  44  4:52  Spore Crawler  
  42  4:53  Drone x5  
  42  4:57  Drone x3  
  50  5:03  Zergling x2  
  51  5:08  Lair  
  51  5:10  Roach x4  
  59  5:15  Roach x2  
  63  5:22  Spine Crawler  
  63  5:25  Spine Crawler  
  61  5:30  Spore Crawler  
  61  5:32  Spine Crawler, Roach  
  61  5:45  Drone  
  61  5:46  Drone x3  
  61  5:49  Extractor, Zerg Missile Weapons Level 1  
  66  5:50  Roach x3  
  70  5:58  Drone x2  
  70  6:03  Zergling x2  
  73  6:10  Ravager  
  74  6:16  Baneling Nest  
  73  6:22  Drone x3  
  73  6:23  Drone  
  73  6:24  Roach x2  
  81  6:25  Drone  
  81  6:29  Overlord x3  
  81  6:47  Overlord x2  
  81  6:49  Roach x6  
  92  7:06  Roach x7  
  80  7:15  Zergling x18  
  77  7:25  Zergling x8  
  58  7:38  Baneling  
  58  7:39  Baneling x11  
  58  7:41  Baneling  
Show
View Real Time Build Order
Export as new Build Order

Blechfaust Terran - Winner!

Build Orders: MMM Bio 

Get SALT Encoding   

  12  0:01  SCV  
  13  0:13  SCV  
  14  0:19  Supply Depot  
  14  0:25  SCV  
  15  0:41  SCV  
  16  0:42  Barracks  
  16  0:47  Refinery  
  16  0:53  SCV  
  17  1:05  SCV  
  17  1:07  Barracks  
  18  1:17  SCV  
  19  1:29  Marine  
  19  1:31  Orbital Command  
  20  1:39  Supply Depot  
  20  1:43  Refinery  
  20  1:47  Barracks Tech Lab  
  20  1:54  Barracks Reactor  
  20  1:57  SCV  
  21  2:09  SCV  
  21  2:10  Marine  
  21  2:12  Combat Shields  
  23  2:26  Engineering Bay  
  23  2:29  SCV, Supply Depot  
  24  2:41  SCV  
  25  2:46  Marine x2  
  27  2:52  Marauder, Factory  
  29  2:58  Terran Infantry Weapons Level 1  
  29  3:07  Marine x2  
  31  3:13  Supply Depot  
  31  3:22  Marauder  
  31  3:25  Marine x2  
  35  3:37  Starport  
  35  3:41  Stimpack  
  35  3:42  Marine  
  35  3:43  Marine  
  35  3:44  Marauder  
  39  3:53  Supply Depot  
  39  4:00  Marine x2  
  41  4:06  Marauder  
  43  4:19  Medivac  
  43  4:21  Supply Depot  
  44  4:44  Marine x2  
  44  4:45  Marauder  
  48  4:55  Missile Turret  
  48  4:56  Medivac  
  50  5:02  Marine x2  
  50  5:06  Marauder  
  54  5:20  Marine x2  
  56  5:26  Medivac  
  56  5:28  Marauder  
  60  5:37  Marine  
  60  5:38  Marine  
  60  5:39  Supply Depot  
  62  5:45  Terran Infantry Armor Level 1  
  62  5:55  Marine  
  63  6:01  Marauder, Viking, Marine  
  68  6:05  Supply Depot  
  68  6:07  Supply Depot  
  68  6:13  Marine  
  69  6:18  Marine  
  70  6:26  Marauder  
  72  6:33  Medivac  
  72  6:35  Marine  
  72  6:36  Marine  
  76  6:45  Supply Depot  
  76  6:46  Supply Depot  
  76  6:48  Marauder  
  76  6:53  Marine  
  79  6:54  Marine  
  80  7:03  Medivac  
  74  7:09  Marine  
  74  7:11  Marine  
  74  7:12  Marine  
  77  7:27  Marauder  
  77  7:29  Marine  
  80  7:30  Marine  
  80  7:32  Medivac  
  82  7:46  Marine  
  82  7:48  Marauder, Marine  
Tags
 
Add a new tag
Caveats
  • Supply blocks, unpowered buildings, or Contaminate may cause inaccurate times.
  • Supply counts are checked every 10 seconds.